 Dungeon Crawl Stone Soup version 0.24.0-37-gcf1ca852f1 (webtiles) character file.

Game seed: 16828158733243137672, levelgen mode: deterministic

12548 Peloso the Carver (level 11, -14/97 HPs)
             Began as a Minotaur Fighter on Nov 22, 2019.
             Was a High Priest of Okawaru.
             Demolished by an orc warrior
             ... wielding a +0 glaive
              (20 damage)
             ... on level 10 of the Dungeon.
             The game lasted 00:23:35 (9378 turns).

Peloso the Carver (Minotaur Fighter)                Turns: 9378, Time: 00:23:36

Health: -14/97     AC: 20    Str: 22    XL:     11   Next: 63%
Magic:  10/10      EV:  8    Int:  5    God:    Okawaru [*****.]
Gold:   134        SH: 13    Dex: 15    Spells: 10/10 levels left

rFire    . . .     SeeInvis .   a - +1 falchion (elec)
rCold    . . .     Gourm    .   c - +0 shield
rNeg     . . .     Faith    .   q - +0 plate armour
rPois    +         Spirit   .   J - +1 hat
rElec    .         Reflect  .   i - +0 cloak
rCorr    .         Harm     .   z - +0 pair of gloves
MR       .....                  n - +0 pair of boots
Stlth    ..........             h - amulet of rage
HPRegen  0.26/turn              D - +3 ring of dexterity
MPRegen  0.12/turn              F - ring of poison resistance

@: no status effects
A: retaliatory headbutt, horns 2
a: Heroism, Finesse, Renounce Religion, Evoke Berserk Rage


You were on level 10 of the Dungeon.
You worshipped Okawaru.
Okawaru was extremely pleased with you.
You were hungry.

You visited 2 branches of the dungeon, and saw 11 of its levels.

You collected 572 gold pieces.
You spent 438 gold pieces at shops.

Inventory:

Hand Weapons
 a - a +1 falchion of electrocution (weapon)
 t - a +0 hand axe of flaming
Armour
 b - a +0 scale mail
 c - a +0 shield (worn)
 e - a +0 chain mail
 i - a +0 cloak (worn)
 n - a +0 pair of boots (worn)
 q - a +0 plate armour (worn)
 z - a +0 pair of gloves (worn)
 J - a +1 hat (worn)
Jewellery
 h - an amulet of rage (around neck)
 D - a +3 ring of dexterity (left hand)
 F - a ring of poison resistance (right hand)
 M - a +3 ring of evasion {unknown}
Wands
 m - a wand of random effects (11)
 v - a wand of acid (5)
 C - a wand of polymorph (12)
 K - a wand of enslavement (17)
Scrolls
 g - a scroll of enchant weapon
 k - 2 scrolls of magic mapping
 o - 2 scrolls of teleportation
 p - a scroll of fear
 u - 4 scrolls of remove curse
 y - a scroll of amnesia
 G - 2 scrolls of enchant armour {unknown}
 L - 2 scrolls of blinking
Potions
 d - 2 potions of might
 j - 6 potions of brilliance
 l - a potion of experience
 r - a potion of flight
 s - 2 potions of haste
 w - a potion of magic
 x - 4 potions of mutation
 A - 2 potions of curing
 B - 2 potions of lignification {unknown}
 E - a potion of cancellation {unknown}
 H - 2 potions of heal wounds
 I - 2 potions of agility
Comestibles
 f - 24 rations
 N - 4 chunks of flesh


   Skills:
 + Level 9.3 Fighting
 + Level 12.6 Long Blades
 + Level 1.7 Axes
 + Level 11.5 Armour
 + Level 3.5 Dodging
 + Level 1.1 Stealth
 + Level 11.4 Shields
 + Level 0.1 Invocations
 + Level 0.9 Evocations


You had 10 spell levels left.
You didn't know any spells.
Your spell library contained the following spells:

 Spells                   Type           Power        Failure   Level  Hunger
 Apportation              Tloc           #.....       100%        1    ##.....
 Beastly Appendage        Tmut           #.....       100%        1    ##.....
 Magic Dart               Conj           #...         100%        1    ##.....
 Sting                    Conj/Pois      #...         100%        1    ##.....
 Summon Butterflies       Summ           #.......     100%        1    ##.....
 Poisonous Vapours        Pois/Air       #.....       100%        2    ###....
 Searing Ray              Conj           #.....       100%        2    ###....
 Sticks to Snakes         Tmut           #.......     100%        2    ###....
 Dazzling Spray           Conj/Hex       #.....       100%        3    ####...
 Lesser Beckoning         Tloc           #.........   100%        3    ####...
 Mephitic Cloud           Conj/Pois/Air  #.......     100%        3    ####...
 Spider Form              Tmut/Pois      #.........   100%        3    ####...
 Tukima's Dance           Hex            #.......     100%        3    ####...
 Force Lance              Conj/Tloc      #.......     100%        4    #####..
 Fulminant Prism          Conj/Hex       #.........   100%        4    #####..
 Ice Form                 Ice/Tmut       #.......     100%        4    #####..
 Iskenderun's Mystic Bla  Conj           #.......     100%        4    #####..
 Olgreb's Toxic Radiance  Pois           #.......     100%        4    #####..
 Alistair's Intoxication  Tmut/Pois      #.......     100%        5    ######.
 Blade Hands              Tmut           #.........   100%        5    ######.
 Venom Bolt               Conj/Pois      #.........   100%        5    ######.
 Invisibility             Hex            #.......     100%        6    #######


Dungeon Overview and Level Annotations

Branches:
Dungeon (10/15)            Temple (1/1) D:4            Lair (0/6) D:9
    Orc: D:9-12

Altars:
Ashenzari
Cheibriados
Dithmenos
Elyvilon
Fedhas
Gozag
Hepliaklqana
Kikubaaqudgha
Makhleb
Nemelex Xobeh
Okawaru
Qazlal
Ru
Sif Muna
Trog
Uskayaw
Vehumet
Wu Jian
Xom
Yredelemnul
Zin
The Shining One

Shops:
D:3 *   D:9 :!!

Annotations:
D:3 1 runed translucent door, MiernyMiazsz's ghost, amateur HOFi
D:5 1 runed translucent door


Innate Abilities, Weirdness & Mutations

You reflexively headbutt those who attack you in melee.
You have a pair of horns on your head.


Message History

You hit the orc warrior but do no damage.
Lightning courses through the orc warrior!
You headbutt the orc warrior.
The orc warrior is almost dead.
The orc warrior hits you with a +0 long sword!
The orc warrior hits you from afar with a +0 glaive!
* * * LOW HITPOINT WARNING * * *
Your plate armour prevents you from hitting the orc warrior.
The orc warrior is almost dead.
The orc warrior hits you but does no damage.
The orc warrior hits you with a +0 long sword!
* * * LOW HITPOINT WARNING * * *
You hit the orc warrior.
Lightning courses through the orc warrior!
You kill the orc warrior!
Okawaru accepts your kill.
The orc warrior hits you from afar with a +0 glaive!
* * * LOW HITPOINT WARNING * * *
The orc warrior hits you from afar with a +0 glaive!!
You die...

#............##(#######.....#
#######..####.##.((........###
###...............(......#.### ##
.......<)..##.#..#######.#...###.
#.#..###...##.#..# #..###.##.
.#...# #.<.##.#..# #..# #....
#.#.## #...##.#..# ##..###.###
#.#.# #...##.##.# #......##
#.#.####...##.##@# #>....###
#.#...<....##.#..######.......#
#.#..###...##.#..o.o..oo....#.#
#..[..........#....#(##.>...#.#
################.....####.....#
#...### ####..# ##.## #..# #.#
#..# #.# #o.#


You could see an orc warrior.

Vanquished Creatures
  Gastronok (D:8)
  A hydra (D:8)
  A two-headed ogre (D:8)
  An orc knight (D:10)
  Joseph (D:8)
  2 trolls (D:10)
  Prince Ribbit (D:7)
  A hornet (D:9)
  2 dream sheep (D:8)
  A hippogriff (D:7)
  8 yaks
  2 wyverns (D:8)
  A hungry ghost (D:7)
  Grum (D:9)
  A water moccasin (D:10)
  2 black bears
  4 ice beasts
  5 orc warriors
  3 sky beasts
  4 wolves
  4 phantoms
  3 ogres
  7 centaurs
  2 necrophages
  Blork the orc (D:4)
  3 big kobolds (D:8)
  A gnoll sergeant (D:8)
  2 scorpions
  9 wights (D:8)
  4 killer bees (D:9)
  2 electric eels (D:9)
  4 howler monkeys
  A centaur zombie (D:8)
  4 crimson imps
  4 hounds
  A human zombie (D:5)
  10 orc priests
  2 bullfrog skeletons
  7 jellies
  10 orc wizards
  2 iguanas
  A human skeleton (D:5)
  5 worker ants
  A hound zombie (D:9)
  A worker ant zombie (D:8)
  8 gnolls
  A howler monkey skeleton (D:10)
  10 adders
  2 shadow imps
  2 oozes
  5 adder skeletons
  7 dart slugs
  4 leopard geckos
  39 orcs
  A ball python (D:2)
  5 giant cockroaches
  10 hobgoblins
  13 jackals
  4 quokkas
  8 bats
  A frilled lizard (D:4)
  4 goblins
  5 kobolds
  2 quokka skeletons
  9 rats
  4 bushes (D:2)
278 creatures vanquished.

Notes
Turn   | Place    | Note
-------+----------+-------------------------------------------
     0 | D:1      | Peloso the Minotaur Fighter began the quest for the Orb.
     0 | D:1      | Reached XP level 1. HP: 19/19 MP: 0/0
    98 | D:1      | Reached XP level 2. HP: 19/27 MP: 1/1
   199 | D:1      | Reached XP level 3. HP: 24/33 MP: 2/2
   515 | D:1      | Reached skill level 3 in Long Blades
   552 | D:2      | Noticed a phantom
   574 | D:2      | Killed a phantom
   574 | D:2      | Reached XP level 4. HP: 36/40 MP: 3/3
   604 | D:2      | Reached skill level 4 in Long Blades
   618 | D:2      | Reached XP level 5. HP: 44/46 MP: 4/4
   796 | D:2      | Reached skill level 5 in Shields
  1006 | D:2      | Found a shimmering blue altar of Sif Muna.
  1533 | D:3      | Reached skill level 1 in Dodging
  1969 | D:3      | Found Zin's Purification Station.
  1970 | D:3      | Found a glowing silver altar of Zin.
  2211 | D:3      | Found a runed translucent door.
  2215 | D:3      | Noticed MiernyMiazsz's ghost (amateur HOFi)
  2513 | D:4      | Reached skill level 5 in Armour
  2513 | D:4      | Reached XP level 6. HP: 53/53 MP: 5/5
  2543 | D:4      | Found a staircase to the Ecumenical Temple.
  3088 | D:4      | Found a bloodstained altar of Trog.
  3138 | Temple   | Entered the Ecumenical Temple
  3429 | D:4      | Reached skill level 5 in Long Blades
  3429 | D:4      | Reached XP level 7. HP: 60/60 MP: 6/6
  3561 | D:4      | Found a shadowy altar of Dithmenos.
  3561 | D:4      | Found a basalt altar of Yredelemnul.
  3562 | D:4      | Found a radiant altar of Vehumet.
  3562 | D:4      | Found an iron altar of Okawaru.
  3670 | D:4      | Became a worshipper of Warmaster Okawaru
  3766 | D:4      | Noticed Blork the orc
  3775 | D:4      | Killed Blork the orc
  3894 | D:4      | Reached skill level 6 in Long Blades
  4178 | D:5      | Entered Level 5 of the Dungeon
  4431 | D:5      | Reached * piety under Okawaru
  4431 | D:5      | Reached skill level 5 in Fighting
  4460 | D:5      | Reached XP level 8. HP: 31/68 MP: 7/7
  4660 | D:5      | Found a runed translucent door.
  4662 | D:5      | Found a basalt altar of Yredelemnul.
  4987 | D:6      | Reached skill level 7 in Long Blades
  5317 | D:6      | Reached skill level 1 in Stealth
  5325 | D:6      | Reached ** piety under Okawaru
  5325 | D:6      | Reached skill level 8 in Long Blades
  5346 | D:6      | Reached XP level 9. HP: 43/75 MP: 8/8
  5848 | D:7      | Reached skill level 9 in Long Blades
  5959 | D:7      | Found a blossoming altar of Fedhas.
  5965 | D:7      | Reached *** piety under Okawaru
  6032 | D:7      | Noticed Prince Ribbit
  6037 | D:7      | Killed Prince Ribbit
  6185 | D:7      | Reached skill level 10 in Long Blades
  6396 | D:8      | Noticed Joseph
  6410 | D:8      | Killed Joseph
  6439 | D:8      | Found a blossoming altar of Fedhas.
  6519 | D:8      | Reached XP level 10. HP: 64/86 MP: 9/9
  6523 | D:8      | Reached **** piety under Okawaru
  6901 | D:8      | Reached skill level 11 in Long Blades
  7041 | D:8      | Noticed a three-headed hydra
  7054 | D:8      | HP: 2/86 [one-headed hydra (23)]
  7060 | D:8      | Killed a one-headed hydra
  7060 | D:8      | Reached ***** piety under Okawaru
  7060 | D:8      | Reached skill level 10 in Armour
  7060 | D:8      | Reached skill level 10 in Shields
  7072 | D:8      | Reached skill level 1 in Axes
  7416 | D:8      | Noticed Gastronok
  7450 | D:8      | Killed Gastronok
  7450 | D:8      | Reached XP level 11. HP: 34/95 MP: 10/10
  7619 | D:9      | Received a gift from Okawaru
  7646 | D:9      | Noticed Grum
  7664 | D:8      | Reached skill level 12 in Long Blades
  8007 | D:9      | Killed Grum
  8208 | D:9      | Found Pyj Nomm's Distillery.
  8211 | D:9      | Bought a potion of degeneration for 13 gold pieces
  8220 | D:9      | Bought a potion of mutation for 104 gold pieces
  8220 | D:9      | Bought a potion of heal wounds for 65 gold pieces
  8276 | D:9      | Found a staircase to the Lair.
  8660 | D:9      | Found Penooh's Distillery.
  8660 | D:9      | Noticed a two-headed ogre
  8686 | D:8      | Killed a two-headed ogre
  8847 | D:9      | Received a gift from Okawaru
  8862 | D:9      | Bought a potion of mutation for 128 gold pieces
  8862 | D:9      | Bought a potion of agility for 64 gold pieces
  8862 | D:9      | Bought a potion of might for 64 gold pieces
  8866 | D:9      | Found Vaif's Book Boutique.
  8964 | D:10     | Entered Level 10 of the Dungeon
  9330 | D:10     | Noticed an orc knight
  9339 | D:10     | Killed an orc knight
  9363 | D:10     | HP: 2/97 [orc warrior/+0 glaive (7)]
  9378 | D:10     | Demolished by an orc warrior

Levels and vault maps discovered:
D:1:      mrwooster_arrival_statue_3, layout_rooms, minmay_misc_feat_encased,
          nrook_loot_triangle, minmay_tetromino_s4
D:2:      layout_loops_ring, lemuel_blue_sif_altar, first_ration, serial_forest,
          infiniplex_forest_lined_1, infiniplex_forest_clump_tiny,
          infiniplex_forest_lined_corner, infiniplex_forest_end_2,
          infiniplex_forest_clump_small
D:3:      cheibrodos_helix_gallery, layout_loops_ring, zin_purify,
          gammafunk_ghost_grave, minmay_quantized
D:4:      minmay_inner_zag, layout_loops_ring, grunt_temple_overflow_open,
          minmay_temple_entry_trees, uniq_blork_the_orc
D:5:      kennysheep_spiral_hall, layout_loops_ring, eino_curves_03,
          dk_yredelemnul_ordeal
D:6:      layout_basic
D:7:      layout_basic, lemuel_statue_altar, uniq_prince_ribbit1
D:8:      layout_basic, fedhas_bush_and_centaur_altar, hangedman_ranch
          [blue_anna_fruit_fields], uniq_gastronok, uniq_joseph
D:9:      layout_cross, lair_entry_dummy, serial_shops, shop, kennysheep_mini,
          kennysheep_mini_moat, kennysheep_donut, uniq_grum
D:10:     layout_loops_ring, david_orc_5
Temple:   eino_temple_water

Skill      XL: |  1  2  3  4  5  6  7  8  9 10 11 |
---------------+----------------------------------+-----
Armour         | 4 5 6 7 9 10 11 | 11.5
Shields        | 4 5 6 7 9 10 11 | 11.4
Fighting       | 4 5 7 8 9 |  9.3
Long Blades    | 3 4 5 6 8 10 11 12 | 12.6
Dodging        | 1 2 3 |  3.5
Stealth        | 1 |  1.1
Axes           | 1 |  1.7
Invocations    | |  0.1
Evocations     | |  0.9

Action                   |  1- 3 |  4- 6 |  7- 9 | 10-12 || total
-------------------------+-------+-------+-------+-------++-------
Melee: Long sword        |    76 |   274 |       |       ||   350
       Headbutt          |    11 |    92 |    61 |    97 ||   261
       Falchion          |       |    39 |   286 |   362 ||   687
       Hand axe          |       |       |       |    10 ||    10
Invok: Heroism           |       |       |       |     1 ||     1
Evoke: Wand              |       |       |       |     4 ||     4
  Use: Potion            |     1 |       |       |     2 ||     3
       Scroll            |     4 |     4 |     7 |     4 ||    19
 Stab: Distracted        |       |       |     1 |       ||     1
  Eat: Chunk             |       |     8 |    12 |     9 ||    29
Armor: Chain mail        |    60 |   102 |    49 |       ||   211
       Scale mail        |     7 |       |       |       ||     7
       Plate armour      |       |       |    73 |   159 ||   232
Dodge: Dodged            |    22 |    44 |    67 |    90 ||   223
Block: Shield            |    56 |    91 |   135 |   211 ||   493
       Rpst.: Long sword |     5 |     8 |       |       ||    13
       Falchion          |       |     3 |    19 |    20 ||    42
